 Dungeon Crawl Stone Soup version 0.30-a0-743-gbfdf073431 (webtiles) character file.

Game seed: 4992378927834164411

110 bmack86 the Shield-Bearer (level 4, -6/40 HPs)
             Began as a Minotaur Fighter on Feb 8, 2023.
             Killed from afar by an orc wizard (8 damage)
             ... with a magic dart
             ... on level 4 of the Dungeon.
             The game lasted 00:05:33 (1558 turns).

bmack86 the Shield-Bearer (Minotaur Fighter)        Turns: 1558, Time: 00:05:34

Health: -6/40      AC:  7    Str: 23    XL:     4   Next: 61%
Magic:  3/3        EV:  9    Int:  5    God:
Gold:   112        SH:  4    Dex:  9    Spells: 3/3 levels left

rFire   . . .      SeeInvis .    a - +1 war axe
rCold   . . .      Faith    .    c - +0 buckler
rNeg    . . .      Spirit   .    b - +0 scale mail
rPois   .          Reflect  .    (helmet restricted)
rElec   .          Harm     .    (no cloak)
rCorr   .          Rampage  .    (no gloves)
Will    .....                    (no boots) Stlth
                                 (no amulet)
HPRegen 0.26/turn                (no ring)
MPRegen 0.08/turn                (no ring)

@: no status effects
A: horns 2, retaliatory headbutt
a: no special abilities


You were on level 4 of the Dungeon.
You visited 1 branch of the dungeon, and saw 5 of its levels.

You collected 112 gold pieces.

Inventory:

Hand Weapons
 a - a +1 war axe (weapon)
Missiles
 f - 3 javelins (quivered)
 i - 2 boomerangs
Armour
 b - a +0 scale mail (worn)
 c - a +0 buckler (worn)
 m - a +2 hat
Scrolls
 h - a scroll of amnesia
 j - a scroll of blinking
Potions
 d - 2 potions of might
 e - a potion of brilliance {unknown}
 g - a potion of attraction {unknown}
 k - a potion of curing {unknown}
 l - a potion of haste {unknown}


   Skills:
 + Level 4.2 Fighting
 * Level 4.0 Axes
 + Level 1.3 Throwing
 + Level 4.2 Armour
 + Level 4.3 Shields


You had 3 spell levels left.
You didn't know any spells.
Your spell library was empty.

Dungeon Overview and Level Annotations

Branches:
Dungeon (5/15)             Temple (0/1) D:4

Altars:
Gozag

Shops:
D:5 (


Innate Abilities, Weirdness & Mutations

You have a pair of horns on your head.
You reflexively headbutt those who attack you in melee.


Message History

You hit the orc priest but do no damage.
You barely miss something. You hit the orc priest. Something hits you.
The orc priest barely misses you.
The orc priest hits you with a +0 flail!
The orc priest hits you but does no damage.
Something hits you but does no damage.
The orc priest hits you but does no damage.
You hit the orc priest. Your headbutt misses the orc priest.
The orc priest is heavily wounded.
You hit the orc priest. You completely miss something. Something hits you.
* * * LOW HITPOINT WARNING * * *
The orc priest hits you with a +0 dagger.
* * * LOW HITPOINT WARNING * * *
The orc priest hits you with a +0 flail.
* * * LOW HITPOINT WARNING * * *
The orc priest casts a cantrip, but nothing happens.
You completely miss the orc priest. Your headbutt misses the orc priest.
The orc priest is moderately wounded.
You closely miss something.
You feel less confused.
You hear some strange, mumbled words.
A magic dart appears from out of thin air!
The magic dart hits you.
* * * LOW HITPOINT WARNING * * *
The orc priest begins to cast a cantrip, but forgets the words!
You closely miss the orc priest.
The orc priest is moderately wounded.
You barely miss something. You barely miss the orc priest.
Something hits you but does no damage.
The orc priest hits you but does no damage. x2
The orc priest hits you with a +0 flail.
* * * LOW HITPOINT WARNING * * *
Something hits you but does no damage. You block the orc priest's attack.
You hit the orc priest.
The orc priest is severely wounded.
You barely miss the orc priest. You closely miss something.
You hear some strange, mumbled words.
A magic dart appears from out of thin air!
The magic dart hits you!
You die...

.......###).. #. #.##
.....## #.). #.##.8.##
..... #.). #........
...# #... ..8.>.8.###.#
#... .........#.#.# #...
#.8 #...#.#.# #...
#.###..#.#.# ####
.##+##.@....#.#.#
......oo{##...#.#######
##....>..+............##
#.......###..........'.
#.......# #..(.......##
#.!.....# #..........#
#.......# ######.######
#.......# #......#
#.......# #......#


You could see 2 orc priests.

Vanquished Creatures
  An orc priest (D:4)
  A gnoll (D:1)
  An adder (D:3)
  6 orcs
  3 ball pythons
  6 bats
  6 endoplasms
  4 goblins
  8 hobgoblins
  6 jackals
  2 quokkas
  3 frilled lizards
  2 kobolds (D:2)
  2 rats (D:2)
51 creatures vanquished.

Notes
Turn   | Place    | Note
-------+----------+-------------------------------------------
     0 | D:1      | bmack86 the Minotaur Fighter began the quest for the Orb.
     0 | D:1      | Reached XP level 1. HP: 19/19 MP: 0/0
   248 | D:1      | Reached XP level 2. HP: 27/27 MP: 1/1
   497 | D:1      | Reached XP level 3. HP: 28/33 MP: 2/2
  1039 | D:2      | Reached skill level 1 in Throwing
  1349 | D:3      | Found an opulent altar of Gozag.
  1360 | D:3      | Reached XP level 4. HP: 38/40 MP: 3/3
  1376 | D:3      | You fall into a shaft and drop 2 floors!
  1376 | D:5      | Entered Level 5 of the Dungeon
  1376 | D:5      | Found Baggyarr's Weapon Emporium.
  1544 | D:4      | Found a staircase to the Ecumenical Temple.
  1557 | D:4      | HP: 2/40 [orc priest/+0 flail (1)]
  1558 | D:4      | Killed from afar by an orc wizard

Illustrated notes

Levels and vault maps discovered:
D:1:      minmay_arrival_wavy_path, layout_basic
D:2:      layout_basic, guppyfry_early_orc_mine
D:3:      minmay_roachtagon, layout_basic,
          nicolae_gozag_cash_rules_everything_around_me,
          nicolae_wu_jian_wuxing_cycle, portal_sewer_entry_e, uniq_terence
D:4:      layout_basic, minmay_temple_entry_statues_pillars
D:5:      nicolae_cairo_tiling_very_big, layout_loops_cross, serial_shops,
          nicolae_square_shop, st_stairs_12

Skill      XL: |  1  2  3  4 |
---------------+-------------+-----
Axes           | 3 4 |  4.0
Shields        | 4 |  4.3
Armour         | 4 |  4.2
Fighting       | 4 |  4.2
Throwing       | 1 |  1.3

Action                     |  1- 3 |  4- 6 || total
---------------------------+-------+-------++-------
  Melee: War axe           |    77 |    11 ||    88
         Headbutt          |     6 |       ||     6
    Use: Scroll            |     6 |       ||     6
 Armour: Scale mail        |    42 |    11 ||    53
  Dodge: Dodged            |    52 |     3 ||    55
  Block: Buckler           |    24 |     2 ||    26

Table legend: (Time is in decaauts)
 A = Elapsed time spent in this place.
 B = Non-inter-level travel time spent in this place.
 C = Inter-level travel time spent in this place.
 D = Time resting spent in this place.
 E = Time spent auto-exploring this place.
 F = Levels seen in this place.
 G = Mean time per level.
                   A        B        C        D        E       F      G
               +--------+--------+--------+--------+--------+-----+--------+
         Total |   1589 |   1552 |     37 |      0 |    971 |   5 |  317.8 |
       Dungeon |   1589 |   1552 |     37 |      0 |    971 |   5 |  317.8 |
               +--------+--------+--------+--------+--------+-----+--------+

Top non-repeatable levels by time:
     D:1: 754 daAuts
     D:2: 581 daAuts
     D:4: 102 daAuts
     D:5: 82 daAuts
     D:3: 68 daAuts
